 Dungeon Crawl Stone Soup version 0.25.1-2-g60ff931df9 (webtiles) character file.

Game seed: 9007335496925119273

254 goulibeur the Skirmisher (level 5, -5/50 HPs)
             Began as a Draconian Berserker on Oct 23, 2020.
             Was a Believer of Trog.
             Slain by Edmund
             ... wielding a +1 dire flail of protection
              (12 damage)
             ... on level 4 of the Dungeon on Oct 24, 2020.
             The game lasted 00:24:11 (2009 turns).

goulibeur the Skirmisher (Draconian Berserker)      Turns: 2009, Time: 00:24:12

Health: -5/50      AC:  5    Str: 21    XL:     5   Next: 90%
Magic:  5/5        EV: 13    Int:  7    God:    Trog [**....]
Gold:   133        SH:  0    Dex: 10    Spells: 4/4 levels left

rFire    . . .     SeeInvis .   e - +0 long sword
rCold    . . .     Gourm    .   (no shield)
rNeg     . . .     Faith    .   (armour unavailable)
rPois    .         Spirit   .   (helmet restricted)
rElec    .         Reflect  .   (no cloak)
rCorr    .         Harm     .   (no gloves)
MR       +....                  (no boots)
Stlth    ++........             (no amulet)
HPRegen  0.16/turn              m - ring of protection from magic
MPRegen  0.09/turn              f - ring of stealth

@: berserk cooldown, slowed, very slow
A: unfitting armour, cold-blooded, AC +5
a: Berserk, Trog's Hand, Renounce Religion


You were on level 4 of the Dungeon.
You worshipped Trog.
Trog was pleased with you.
You were hungry.

You visited 1 branch of the dungeon, and saw 4 of its levels.

You collected 133 gold pieces.

Inventory:

Hand Weapons
 a - a +0 short sword
 e - a +0 long sword (weapon)
Missiles
 h - 11 poisoned darts (quivered)
 q - 17 bolts
Jewellery
 f - a ring of stealth (right hand)
 m - a ring of protection from magic (left hand)
Scrolls
 d - a scroll of amnesia
 j - a scroll of remove curse
 p - a scroll of enchant weapon {unknown}
Potions
 c - a potion of lignification {unknown}
 g - 3 potions of flight {unknown}
 k - a potion of heal wounds {unknown}
 l - a potion of cancellation {unknown}
 n - 2 potions of stabbing {unknown}
Comestibles
 b - 4 rations
 i - 2 chunks of flesh


   Skills:
 * Level 5.7 Fighting
 - Level 3.0(3.5) Short Blades
 * Level 2.6(3.3) Long Blades
 + Level 3.7 Dodging


You had 4 spell levels left.
You didn't know any spells.
Your spell library was empty.

Dungeon Overview and Level Annotations

Branches:
Dungeon (4/15)
 Temple: D:4-7

Altars:

Annotations:
D:3 Sigmund
D:4 Edmund


Innate Abilities, Weirdness & Mutations

Your plain brown scales are hard. (AC +5)
You cannot fit into any form of body armour.
You are cold-blooded and may be slowed by cold attacks.


Message History

An orc is wearing a +2 chain mail of magic resistance.
The orc barely misses you.
Okay, then.
As you read the scroll labeled JAOCHI ONAOQUPN, it crumbles to dust.
The creatures around you are filled with an inner flame!
It was a scroll of immolation.
Edmund closely misses you. The orc completely misses you.
Save game and exit?
You hear the sound of rushing water.
There is an entrance to a sewer on this level.
Hurry and find it before the portal rusts away!
Level annotation: Edmund Welcome back, goulibeur the Draconian Berserker.
Trog says: Kill them all!
Press ? for a list of commands and other information.
Edmund hits you with a +1 dire flail of protection.
* * * LOW HITPOINT WARNING * * *
The orc hits you.
* * * LOW HITPOINT WARNING * * *
Edmund hits you with a +1 dire flail of protection!
You die...

## # .## #. .. #.
##.# #.. #..# ##..
##.# # #....##@o#
#$..#.# #
#.....@o#####..... #
#..###..o..##....#
###.........#
#..##....## # #..#
##...### #
#..###......###. #
#..a............ .
##....##........ .
#......######.......


You could see Edmund (inner flame), a worker ant (wandering, inner flame) and 3
orcs.

Vanquished Creatures
  A howler monkey (D:4)
  2 hounds (D:4)
  An orc wizard (D:4)
  A worker ant (D:4)
  An adder (D:2)
  2 oozes (D:1)
  3 worms (D:2)
  An adder skeleton (D:4)
  5 dart slugs
  3 leopard geckos (D:2)
  3 orcs
  4 bats
  4 giant cockroaches
  5 goblins
  10 hobgoblins
  4 jackals (D:2)
  5 kobolds
  A quokka (D:2)
  3 frilled lizards (D:2)
  6 rats
65 creatures vanquished.

Notes
Turn   | Place    | Note
-------+----------+-------------------------------------------
     0 | D:1      | goulibeur the Draconian Berserker began the quest for the
                  | Orb.
     0 | D:1      | Reached XP level 1. HP: 19/19 MP: 1/1
    36 | D:1      | Reached XP level 2. HP: 22/27 MP: 2/2
   425 | D:1      | Reached skill level 4 in Fighting
   664 | D:1      | Reached XP level 3. HP: 33/33 MP: 3/3
   789 | D:2      | Reached ** piety under Trog
  1256 | D:2      | Reached XP level 4. HP: 39/41 MP: 4/4
  1437 | D:2      | Reached skill level 1 in Long Blades
  1764 | D:3      | Noticed Sigmund
  1942 | D:3      | Reached skill level 5 in Fighting
  1989 | D:4      | Reached XP level 5. HP: 31/48 MP: 5/5
  2004 | D:4      | Noticed Edmund
  2009 | D:4      | Slain by Edmund

Illustrated notes

Levels and vault maps discovered:
D:1:      dpeg_arrival_tiny_k, layout_rooms, hangedman_decor_slide_cut
D:2:      layout_loops_ring, first_ration
D:3:      lemuel_upstairs_altar, layout_basic, uniq_natasha, uniq_sigmund,
          uniq_ijyb, uniq_robin
D:4:      layout_layer_cave, minmay_temple_entry_enclosed_plants,
          lightli_sewer_entry_pipes, lemuel_angel_altar, uniq_blork_the_orc,
          uniq_edmund

Skill      XL: |  1  2  3  4 |
---------------+-------------+-----
Dodging        | 3 |  3.7
Fighting       | 4 5 |  5.7
Long Blades    | 2 |  2.6
Short Blades   | |  3.0

Action                   |  1- 3 |  4- 6 || total
-------------------------+-------+-------++-------
Melee: Short sword       |    99 |       ||    99
       Tailslap          |    13 |     7 ||    20
       Long sword        |    36 |    53 ||    89
Invok: Berserk           |     1 |     1 ||     2
  Use: Scroll            |     3 |     3 ||     6
 Stab: Sleeping          |     1 |     3 ||     4
  Eat: Chunk             |     2 |     3 ||     5
Armor: Skin              |    26 |    16 ||    42
Dodge: Dodged            |    74 |    51 ||   125
       Rpst.: Long sword |    11 |    18 ||    29
